 Dungeon Crawl Stone Soup version 0.22.1-1-ga44c0e56f4 (webtiles) character file.

116 Reeggar the Skirmisher (level 4, 0/37 HPs)
             Began as a Demonspawn Abyssal Knight on Nov 2, 2018.
             Was a Believer of Lugonu.
             Slain by Grinder (6 damage)
             ... on level 3 of the Dungeon.
             The game lasted 00:10:54 (3015 turns).

Reeggar the Skirmisher (Demonspawn Abyssal Knight)  Turns: 3015, Time: 00:10:55

Health: 0/37       AC:  5    Str: 14    XL:     4   Next: 69%
Magic:  5/5        EV: 10    Int: 13    God:    Lugonu [**....]
Gold:   114        SH:  0    Dex: 12    Spells: 3/3 levels left

rFire    . . .     SeeInvis .   a - +1 mace
rCold    . . .     Gourm    .   (no shield)
rNeg     . . .     Faith    .   f - +0 ring mail
rPois    .         Spirit   .   (helmet restricted)
rElec    .         Reflect  .   (no cloak)
rCorr    .         Harm     .   (no gloves)
MR       .....                  (no boots)
Stlth    +.........             (no amulet)
HPRegen  0.12/turn              (no ring)
MPRegen  0.09/turn              (no ring)

@: no status effects
A: horns 1, demonic guardian 1
a: Depart the Abyss, Bend Space, Renounce Religion


You were on level 3 of the Dungeon.
You worshipped Lugonu.
Lugonu was pleased with you.
You were not hungry.

You visited 1 branch of the dungeon, and saw 3 of its levels.
You visited the Abyss 1 time.

You collected 114 gold pieces.

Inventory:

Hand Weapons
 a - a +1 mace (weapon)
Armour
 f - a +0 ring mail (worn)
 p - a +0 ring mail
Jewellery
 d - an uncursed amulet of guardian spirit {unknown}
 i - an uncursed ring of flight {unknown}
Wands
 o - a wand of digging (18)
Scrolls
 e - a scroll of fear {unknown}
 g - a scroll of enchant weapon {unknown}
 k - a scroll of amnesia {unknown}
 l - 2 scrolls of teleportation
 n - a scroll of identify {unknown}
Potions
 h - 2 potions of haste {unknown}
 j - a potion of mutation {unknown}
 m - a potion of heal wounds {unknown}
Comestibles
 c - 3 rations


   Skills:
 + Level 3.8 Fighting
 + Level 3.3 Maces & Flails
 + Level 2.5 Armour
 - Level 0.8 Dodging
 - Level 0.2 Stealth
 + Level 2.6 Invocations


You had 3 spell levels left.
You didn't know any spells.
Your spell library was empty.

Dungeon Overview and Level Annotations

Branches:
Dungeon (3/15)

Altars:

Annotations:
D:3 Grinder


Innate Abilities, Weirdness & Mutations

You have a pair of small horns on your head.
A weak demonic guardian rushes to your aid.


Message History

Your shadow imp barely misses Grinder.
Grinder gestures at you. Pain shoots through your body!
You barely miss Grinder. Your headbutt misses Grinder.
Grinder is lightly wounded.
Grinder hits you.
You writhe in agony.
Your shadow imp barely misses Grinder.
You thump Grinder! You headbutt Grinder.
Grinder is heavily wounded.
Grinder hits you.
* * * LOW HITPOINT WARNING * * *
Your white imp hits Grinder.
Your white imp freezes Grinder.
Grinder completely resists.
Your shadow imp hits Grinder but does no damage.
Your white imp completely misses Grinder.
Your shadow imp hits Grinder but does no damage.
Your shadow imp disappears in a puff of smoke!
Your white imp closely misses Grinder.
Grinder hits you.
* * * LOW HITPOINT WARNING * * *
You writhe in agony.
You die...

#5# .###. # #.##.# ..
...# #....###... #..#
#..#.....# #..#
##......#### #..#
...).......### #..#
###.###.......#####..#
#.# ##.##ยง5......#
#.. #.....5@....# ####
###########.# #.# #.#
#.# #.# #.# #.# #.#


You could see Grinder and a friendly white imp.

Vanquished Creatures
  An orc priest (D:3)
  Ijyb (D:3)
  An adder (D:3)
  An ooze (D:1)
  A worm (D:2)
  A dart slug (D:1)
  2 orcs (D:3)
  A ball python (D:1)
  4 giant cockroaches
  8 goblins
  6 hobgoblins
  4 kobolds
  A quokka (D:2)
  2 bats
  4 frilled lizards
  4 rats
  A bush (D:2)
43 creatures vanquished.

Vanquished Creatures (collateral kills)
  An orc wizard (D:3)
  A leopard gecko (D:3)
  An orc (D:3)
  A rat (D:3)
4 creatures vanquished.

Grand Total: 47 creatures vanquished

Notes
Turn   | Place    | Note
-------+----------+-------------------------------------------
     0 | Abyss:1  | Reeggar the Demonspawn Abyssal Knight began the quest for
                  | the Orb.
     0 | Abyss:1  | Reached XP level 1. HP: 18/18 MP: 2/2
    42 | Abyss:1  | Noticed a small abomination
    50 | D:1      | Escaped the Abyss
   472 | D:1      | Gained mutation: A weak demonic guardian rushes to your
                  | aid. [demonic ancestry]
   472 | D:1      | Reached XP level 2. HP: 22/24 MP: 3/3
   563 | D:1      | Reached * piety under Lugonu
   987 | D:1      | Reached XP level 3. HP: 29/29 MP: 4/4
  2407 | D:3      | Noticed Ijyb
  2442 | D:3      | Killed Ijyb
  2442 | D:3      | Gained mutation: You have a pair of small horns on your
                  | head. [demonic ancestry]
  2442 | D:3      | Reached XP level 4. HP: 24/37 MP: 5/5
  2651 | D:3      | Noticed Grinder
  2656 | D:3      | Paralysed by Grinder for 2 turns
  2659 | D:3      | Reached ** piety under Lugonu
  2668 | D:3      | Paralysed by Grinder for 5 turns
  2675 | D:3      | HP: 1/37 [Grinder/nerve-wracking pain (13)]
  3015 | D:3      | Slain by Grinder

Skill      XL: |  1  2  3  4 |
---------------+-------------+-----
Maces & Flails | 2 3 |  3.3
Armour         | 2 |  2.5
Fighting       | |  3.8
Dodging        | |  0.8
Stealth        | |  0.2
Invocations    | |  2.6

Action                   |  1- 3 |  4- 6 || total
-------------------------+-------+-------++-------
Melee: Mace              |   232 |    27 ||   259
       Headbutt          |       |     4 ||     4
Invok: Depart the Abyss  |     1 |       ||     1
  Use: Scroll            |     2 |     1 ||     3
 Stab: Sleeping          |     1 |       ||     1
  Eat: Ration            |     2 |       ||     2
Armor: Leather armour    |    11 |       ||    11
       Ring mail         |    41 |     5 ||    46
Dodge: Dodged            |    79 |    22 ||   101
